 Dungeon Crawl Stone Soup version 0.26.0-10-g1f06aea511 (webtiles) character file.

Game seed: 1076146941528021354

158 sanka the Covert (level 5, 51/51 HPs)
             Began as a Naga Delver on Jan 20, 2021.
             Was a Plaything of Xom.
             Quit the game on level 3 of the Dungeon.
             The game lasted 00:04:27 (3048 turns).

sanka the Covert (Naga Delver)                      Turns: 3048, Time: 00:04:27

Health: 51/51      AC:  6    Str: 21    XL:     5   Next: 40%
Magic:  5/5        EV: 10    Int: 14    God:    Xom [..*...]
Gold:   197        SH:  0    Dex: 18    Spells: 4/4 levels left

rFire    . . .     SeeInvis +   v - +2 glaive (venom)
rCold    . . .     Faith    .   (shield currently unavailable)
rNeg     . . .     Spirit   .   t - +0 leather armour
rPois    +         Reflect  .   o - +2 helmet {Int+3}
rElec    .         Harm     .   (no cloak)
rCorr    .         Rampage  .   (no gloves)
Will     .....                  (no barding)
Stlth    ++++......             (no amulet)
HPRegen  0.17/turn              s - +6 ring of strength
MPRegen  0.09/turn              k - +6 ring of dexterity

@: very slow
A: large, see invisible, deformed body, poison resistance, slowness 2, spit
poison 1, AC +1
a: Spit Poison, Renounce Religion


You were on level 3 of the Dungeon.
You worshipped Xom.
You were a toy of Xom.
You visited 1 branch of the dungeon, and saw 5 of its levels.

You collected 197 gold pieces.


Innate Abilities, Weirdness & Mutations

You cannot wear boots.
Your serpentine skin is tough. (AC +1)
You have supernaturally acute eyesight. (SInv)
Armour fits poorly on your strangely shaped body.
Your system is resistant to poisons. (rPois)
You cover ground very slowly.
You can spit poison.


   Skills:
 * Level 4.8 Fighting
 + Level 3.3 Axes
 - Level 1.5 Dodging
 - Level 8.0 Stealth


You had 4 spell levels left.
You didn't know any spells.
Your spell library was empty.

Inventory:

Hand Weapons
 a - a +0 hand axe
 b - a +0 dagger of venom
 v - a +2 glaive of venom (weapon)
Armour
 o - a +2 helmet of intelligence (worn)
 p - a cursed +0 leather armour
 t - a +0 leather armour (worn)
Jewellery
 k - a +6 ring of dexterity (right hand)
 m - an uncursed amulet of faith {unknown}
 n - an uncursed ring of willpower
 s - a +6 ring of strength (left hand)
Wands
 g - a wand of digging (3)
 h - a wand of acid (6)
Scrolls
 c - a scroll of fog
 d - a scroll of magic mapping
 f - a scroll of teleportation {unknown}
 i - 3 scrolls of amnesia {unknown}
 u - a scroll of identify {unknown}
Potions
 e - a potion of attraction {unknown}
 j - a potion of curing {@q1}
 l - 2 potions of heal wounds {unknown}
 q - a potion of flight {unknown}
 r - 2 potions of ambrosia {unknown}
 w - a potion of magic {unknown}

Dungeon Overview and Level Annotations

Branches:
Dungeon (5/15)
 Temple: D:4-7

Altars:
Kikubaaqudgha
Nemelex Xobeh
Ru
Xom

........ ...▒ ▒.▒ .▒.▒▒.▒
▒▒▒▒▒.▒▒▒▒.▒▒▒▒ ...▒▒.▒
▒≈≈...≈..≈≈.≈≈▒
..▒▒▒.▒▒▒▒≈≈≈≈..≈..≈...▒▒▒▒▒.▒
..▒ ▒.....≈†≈≈≈≈≈≈≈≈≈≈≈......▒
..▒ ▒..[....≈≈≈≈≈≈≈≈≈...▒▒▒▒▒▒
..▒▒▒.▒▒▒▒†≈≈≈≈≈≈≈≈≈≈...▒
...........†≈≈≈..♣≈≈≈.≈.▒
......▒▒▒▒..≈≈≈♣N♣≈≈≈...▒
▒▒▒▒▒▒▒ ▒..≈≈≈.≈≈≈≈≈.≈.▒
▒..≈≈≈≈≈≈≈≈≈...▒▒▒▒▒▒▒
▒.≈≈≈≈≈≈≈≈≈≈≈.........
▒..≈≈≈≈≈≈≈≈≈≈≈▒▒▒▒▒▒▒▒
▒†.≈.≈≈.≈≈≈≈..▒
▒≈....≈.≈....≈▒
▒▒▒▒▒▒▒▒▒▒▒▒▒▒▒


There were no monsters in sight!


Message History

You enter the shallow water.
You enter the shallow water.
A rat comes into view.
A goblin comes into view.
You reach to attack!
The helpless rat fails to defend itself.
You slice the rat!!
You kill the rat!
Found 5 gold pieces.
Found a stone staircase leading up.
You reach to attack!
The helpless goblin fails to defend itself.
You slash the goblin!
You kill the goblin!
No target in view!
No target in view!
Search for what [Enter for "."]? altar You enter the shallow water.
There is a faded altar of an unknown god here.
You cannot tell which god this altar belongs to.
Convert to them anyway?
Okay, then.
You cannot tell which god this altar belongs to.
Convert to them anyway?
Xom accepts your prayer! Xom welcomes you!
Xom is very intrigued!
Unknown command.
Press < or > to pray at altars.
Unknown command.
Press < or > to pray at altars.
Are you sure you want to abandon this character and quit the game? (Confirm with "yes".)

Action                   |  1- 3 |  4- 6 || total
-------------------------+-------+-------++-------
Melee: Hand axe          |    41 |    68 ||   109
       Dagger            |       |    43 ||    43
       Glaive            |       |    10 ||    10
 Abil: Spit Poison       |     6 |     7 ||    13
  Use: Potion            |     2 |       ||     2
       Scroll            |       |     1 ||     1
 Stab: Sleeping          |     3 |    15 ||    18
       Distracted        |       |     1 ||     1
Armor: Leather armour    |    21 |    36 ||    57
Dodge: Dodged            |    26 |    71 ||    97

Levels and vault maps discovered:
D:1:      elethiomel_arrival_infinity_welcomes_careful_drivers, layout_basic,
          nemelex_altar_shiori
D:2:      layout_rooms, gammafunk_temple_overflow_statue,
          chequers_serial_rivers_small_a, uniq_terence
D:3:      layout_loops_ring, chequers_ecumenical_altar_island,
          grunt_ministairs_5
D:4:      layout_basic, minmay_door_square, uniq_blork_the_orc
D:5:      layout_basic, serial_shops, shop, roderic_serpentine_path

Notes
Turn   | Place    | Note
-------+----------+-------------------------------------------
     0 | D:5      | sanka the Naga Delver began the quest for the Orb.
     0 | D:5      | Reached XP level 1. HP: 21/21 MP: 1/1
     6 | D:4      | Noticed a worker ant
    11 | D:4      | Killed a worker ant
    12 | D:4      | Reached skill level 8 in Stealth
    12 | D:4      | Reached XP level 2. HP: 28/28 MP: 2/2
    12 | D:4      | Reached XP level 3. HP: 34/34 MP: 3/3
   350 | D:2      | Noticed Terence
   389 | D:2      | Killed Terence
   390 | D:2      | Reached skill level 4 in Fighting
   390 | D:2      | Reached XP level 4. HP: 10/44 MP: 4/4
  1065 | D:2      | HP: 3/44 [adder (2)]
  1070 | D:2      | HP: 2/44 [poisoned by an adder]
  2011 | D:1      | Found a sparkling altar of Nemelex Xobeh.
  2434 | D:2      | Reached skill level 3 in Axes
  2441 | D:2      | Reached XP level 5. HP: 46/51 MP: 5/5
  2795 | D:2      | Found a sacrificial altar of Ru.
  2795 | D:2      | Found an ancient bone altar of Kikubaaqudgha.
  2977 | D:3      | Found a faded altar of an unknown god.
  3047 | D:3      | Became a worshipper of Xom of Chaos
  3048 | D:3      | Quit the game

Vanquished Creatures
  Terence (D:2)
  A worker ant (D:4)
  4 adders (D:2)
  A howler monkey skeleton (D:4)
  2 worms (D:2)
  3 leopard geckos
  A ball python (D:1)
  7 bats
  A giant cockroach (D:2)
  7 goblins
  4 hobgoblins
  6 jackals (D:2)
  A quokka (D:2)
  6 frilled lizards
  5 kobolds
  6 rats
56 creatures vanquished.

Table legend: (Time is in decaauts)
 A = Elapsed time spent in this place.
 B = Non-inter-level travel time spent in this place.
 C = Inter-level travel time spent in this place.
 D = Time resting spent in this place.
 E = Time spent auto-exploring this place.
 F = Levels seen in this place.
 G = Mean time per level.
                   A        B        C        D        E       F      G
               +--------+--------+--------+--------+--------+-----+--------+
         Total |   3671 |   3469 |    202 |   1096 |   1755 |   5 |  734.2 |
       Dungeon |   3671 |   3469 |    202 |   1096 |   1755 |   5 |  734.2 |
               +--------+--------+--------+--------+--------+-----+--------+

Top non-repeatable levels by time:
     D:1: 1650 daAuts
     D:2: 1564 daAuts
     D:3: 306 daAuts
     D:4: 142 daAuts
     D:5: 8 daAuts
